 Dungeon Crawl Stone Soup version 0.32-a0-814-g0968bab981 (webtiles) character file.

Game seed: 13265111265174500800

85818 Nvm9 the Fighter (level 15, -8/139 HPs)
             Began as a Demonspawn Fighter on Mar 22, 2024.
             Killed by divine providence
             ... invoked by a meliai
              (11 damage)
             ... on level 15 of the Dungeon.
             The game lasted 01:03:37 (21725 turns).

Nvm9 the Fighter (Demonspawn Fighter)              Turns: 21725, Time: 01:03:37

Health: -8/139     AC: 26    Str: 22    XL:     15   Next: 39%
Magic:  0/15       EV:  6    Int: 12    God:
Gold:   283        SH: 25    Dex: 19    Spells: 14/14 levels left

rFire   + . .        a - +3 war axe (drain)
rCold   . . .        c - +0 buckler
rNeg    + . .        t - +0 plate armour
rPois   .            Z - +1 hat {SInv}
rElec   +            H - +0 cloak
rCorr   .            l - +0 pair of gloves of Distant Worlds {rElec rC+ rN+ Dex+2}
SInv    +            D - +2 pair of boots
Will    +....        B - brooch of Shielding {Spirit SH+8} Stlth
                     h - ring of Rashraju {rElec rF+ Dex+3 SInv}
HPRegen 1.23/turn    T - ring "Juhi" {Wiz rC- Int+3 Slay+3 SH+5}
MPRegen 0.28/turn

%: guardian spirit, wizardry (x1)
@: mighty
A: antennae 2, yellow scales 2, foul stench 1, magic shield, magic regeneration,
large bone plates 1, passive freeze, regeneration 1, robust 1
a: no special abilities


You were on level 15 of the Dungeon.
You visited 4 branches of the dungeon, and saw 22 of its levels.

You collected 1215 gold pieces.
You spent 932 gold pieces at shops.

Inventory:

Hand Weapons
 a - a +3 war axe of draining (weapon)
 x - a +4 scimitar of flaming
Missiles
 f - 9 javelins (quivered)
 q - 39 poisoned darts
 y - 2 throwing nets
 X - 10 curare-tipped darts
Armour
 c - a +0 buckler (worn)
 l - the +0 pair of gloves of Distant Worlds (worn) {rElec rC+ rN+ Dex+2}
   (You found it on level 2 of the Dungeon)

   Dex+2:     It affects your dexterity (+2).
   rC+:       It protects you from cold.
   rElec:     It insulates you from electricity.
   rN+:       It protects you from negative energy.
 t - a +0 plate armour (worn)
 D - a +2 pair of boots (worn)
 H - a +0 cloak (worn)
 Z - a +1 hat of see invisible (worn)
Jewellery
 d - a ring of positive energy
 h - the ring of Rashraju (left hand) {rElec rF+ Dex+3 SInv}
   (You acquired it on level 1 of the Dungeon)

   [ring of protection from fire]

   Dex+3:     It affects your dexterity (+3).
   rF+:       It protects you from fire.
   rElec:     It insulates you from electricity.
   SInv:      It lets you see invisible.
 k - a ring of ice
 o - a ring of resist corrosion
 r - a ring of protection from cold
 v - a ring of willpower
 w - a +6 ring of strength
 B - the brooch of Shielding (around neck) {Spirit SH+8}
   (You found it on level 4 of the Dungeon)

   [amulet of guardian spirit]

   Spirit:    It causes incoming damage to be divided between your reserves of
   health and magic.
   SH+8:      It affects your SH (+8).
 E - a ring of resist corrosion
 T - the ring "Juhi" (right hand) {Wiz rC- Int+3 Slay+3 SH+5}
   (You bought it in a shop on level 13 of the Dungeon)

   [ring of wizardry]

   Wiz:       It improves your spell success rate.
   Int+3:     It affects your intelligence (+3).
   Slay+3:    It affects your accuracy & damage with ranged weapons and melee
   (+3).
   rC-:       It makes you vulnerable to cold.
   SH+5:      It affects your SH (+5).
Wands
 m - a wand of acid (3)
 s - a wand of flame (31)
 z - a wand of polymorph (9)
 L - a wand of digging (4)
 M - a wand of charming (40)
 R - a wand of warping (6)
Scrolls
 b - 3 scrolls of amnesia
 e - a scroll of brand weapon
 g - 4 scrolls of fear
 j - a scroll of vulnerability
 n - 2 scrolls of immolation
 p - 3 scrolls of enchant weapon
 u - 3 scrolls of fog
 F - 7 scrolls of identify
 G - a scroll of enchant armour
 O - 4 scrolls of teleportation
 P - a scroll of silence
 V - 7 scrolls of poison
 W - 3 scrolls of blinking
Potions
 i - a potion of brilliance
 A - a potion of enlightenment
 N - 7 potions of ambrosia
 Q - a potion of curing
 Y - a potion of lignification
Miscellaneous
 I - a lightning rod (4/4)


   Skills:
 * Level 14.4 Fighting
 * Level 13.1 Axes
 * Level 13.2 Armour
 * Level 13.3 Shields


You had 14 spell levels left.
You didn't know any spells.
Your spell library contained the following spells:

 Spells                   Type           Power      Damage    Failure   Level
 Foxfire                  Conj/Fire      0%         2x1d4     80%         1
 Slow                     Hex            0%         N/A       80%         1
 Summon Small Mammal      Summ           0%         N/A       80%         1
 Blink                    Tloc           0%         N/A       90%         2
 Ensorcelled Hibernation  Hex/Ice        0%         N/A       90%         2
 Jinxbite                 Hex            0%         N/A       90%         2
 Lesser Beckoning         Tloc           0%         N/A       90%         2
 Mercury Vapours          Alch/Air       0%         N/A       90%         2
 Momentum Strike          Conj/Tloc      0%         3d8       90%         2
 Call Canine Familiar     Summ           0%         N/A       98%         3
 Confusing Touch          Hex            0%         N/A       98%         3
 Gell's Gravitas          Tloc           0%         N/A       98%         3
 Mephitic Cloud           Conj/Alch/Air  0%         N/A       98%         3
 Passwall                 Erth           0%         N/A       98%         3
 Swiftness                Air            0%         N/A       98%         3
 Teleport Other           Tloc           0%         N/A       98%         3
 Vampiric Draining        Necr           0%         2d6       98%         3
 Animate Armour           Summ/Erth      0%         N/A       100%        4
 Passage of Golubria      Tloc           0%         N/A       100%        4
 Summon Blazeheart Golem  Fire/Summ      0%         N/A       100%        4
 Summon Lightning Spire   Summ/Air       0%         N/A       100%        4
 Freezing Cloud           Conj/Ice/Air   0%         6-21      100%        5
 Lee's Rapid Deconstruct  Erth           0%         3d4*      100%        5
 Silence                  Hex/Air        0%         N/A       100%        5
 Summon Forest            Summ/Tloc      0%         N/A       100%        5
 Summon Mana Viper        Hex/Summ       0%         N/A       100%        5
 Yara's Violent Unravell  Hex/Alch       0%         3d3       100%        5
 Plasma Beam              Fire/Air       0%         2x1d10    100%        6
 Starburst                Conj/Fire      0%         6d3       100%        6
 Summon Cactus Giant      Summ           0%         N/A       100%        6
 Enfeeble                 Hex            0%         N/A       100%        7
 Orb of Destruction       Conj           0%         9d5       100%        7
 Spellforged Servitor     Conj/Summ      0%         N/A       100%        7
 Lehudib's Crystal Spear  Conj/Erth      0%         10d2      100%        8


Dungeon Overview and Level Annotations

Branches:
Dungeon (15/15)            Temple (1/1) D:4            Lair (5/5) D:9
  Swamp (0/4) Lair:2        Snake (0/4) Lair:2        Slime (1/5) Lair:4
    Orc (0/2) D:11         Vaults (0/5) D:13
 Depths: D:15

Altars:
Ashenzari
Cheibriados
Dithmenos
Fedhas
Gozag
Hepliaklqana
Kikubaaqudgha
Makhleb
Okawaru
Qazlal
Ru
Sif Muna
Trog
Uskayaw
Vehumet
Wu Jian
Xom
Yredelemnul
Jiyva
Lugonu

Shops:
D:13 =   D:14 ?

Annotations:
D:7 2 transporters
D:14 flinch's ghost, adept DsFi


Innate Abilities, Weirdness & Mutations

You have a pair of antennae on your head.
You are mostly covered in yellow scales. (AC +3)
You may rarely emit foul miasma when damaged in melee.
When hurt, damage is shared between your health and your magic reserves.
You regenerate magic rapidly.
You are partially covered in large bone plates. (SH +4)
A frigid envelope surrounds you and freezes all who hurt you.
Your natural rate of healing is unusually fast.
You are robust. (+10% HP)


Message History

You block the meliai's attack. The meliai closely misses you.
You block the meliai's attack.
The meliai stings you but does no damage.
The meliai is very cold.
You kill the meliai!
You block the two-headed ogre's attack. x2
The ogre mage hits you but does no damage.
Items here: )))) [[ ††.
You slash the two-headed ogre!
The two-headed ogre is moderately wounded.
The meliai calls down the wrath of its god upon you.
Something smites you!
* * * LOW HITPOINT WARNING * * *
You block the two-headed ogre's attack.
The two-headed ogre hits you with a +0 giant spiked club!
* * * LOW HITPOINT WARNING * * *
The two-headed ogre is very cold.
The two-headed ogre is moderately wounded.
You feel better.
The ogre mage hits you but does no damage.
You slash the two-headed ogre! You drain the two-headed ogre.
The two-headed ogre is almost dead.
You block the two-headed ogre's attack.
The two-headed ogre hits you but does no damage.
The two-headed ogre is very cold.
The two-headed ogre is almost dead.
You slice the two-headed ogre!!
You kill the two-headed ogre!
The meliai invokes the aid of its god against you.
Something smites you!
* * * LOW HITPOINT WARNING * * *
You block the ogre mage's attack.
You slash the two-headed ogre! You drain the two-headed ogre.
The two-headed ogre is moderately wounded.
The two-headed ogre closely misses you. x2; You block the ogre mage's attack.
You slash the two-headed ogre!
The two-headed ogre is heavily wounded.
The meliai invokes the aid of its god against you.
Something smites you!
You die...

..............♣.## ##.♣)..#
...........##...# #...#)#
## ...........###.##
##+##.#####.
...........###.#
#....##....
...........#...#
####....###
.........y...###
#####.######
....###.{###O##
##..)..#####. ...# #..#
#yO######..##........ .#
##..###OO@.....###.#.#####
.# #....#####)...###.#.# .#
#)##..##...##...#.#.## .#
#.###....######..<...#
.########.#....### ###..#.#
.##....##...##.## #.....#
.#..##......##..#####
##..##..#
<#...^.##...###.....#....##
(...
.#........#.####.........
+#..


You could see 2 two-headed ogres, an ogre mage (invisible), an ogre and a
meliai.

Vanquished Creatures
  Rupert (D:12)
  Gastronok (Lair:1)
  Frances (D:14)
  Kirke (D:12)
  A quicksilver ooze (Lair:4)
  Nessos (D:13)
  An ironbound thunderhulk (D:13)
  A dire elephant (Lair:5)
  A minotaur (D:12)
  Snorg (D:14)
  An ettin (D:14)
  3 vault guards (D:13)
  An ogre mage (D:15)
  4 centaur warriors
  3 hydras
  9 two-headed ogres
  A death knight (D:14)
  4 boulder beetles
  7 death yaks
  A deep troll earth mage (D:14)
  Sonja (D:13)
  A deep elf knight (D:14)
  3 skysharks
  4 skeletal warriors (D:14)
  The ghost of YordlordTheGreat the Carver, a novice MfSu of Sif Muna (D:7)
  An arcanist (Lair:5)
  4 deep elf pyromancers
  A shining eye (Lair:5)
  5 cyclopes
  5 manticores
  5 ugly things
  5 black mambas
  9 elephants
  8 meliai
  5 gargoyles
  An orange demon (Lair:5)
  8 rime drakes
  4 torpor snails (Lair:2)
  8 cane toads
  2 kobold demonologists (D:9)
  7 komodo dragons
  An unseen horror (D:11)
  An efreet (D:14)
  A freezing wraith (D:14)
  2 tengu conjurers (D:15)
  A red devil (Lair:5)
  5 trolls
  A queen bee (D:14)
  Grinder (Temple)
  A hornet (D:8)
  2 polar bears (Lair:5)
  10 blink frogs
  9 slime creatures
  2 shadows
  5 wyverns
  2 wraiths
  33 yaks
  5 basilisks
  2 vampires
  2 hogs (D:12)
  3 humans (D:13)
  Eustachio (D:4)
  A hog (shapeshifter) (D:14)
  2 two-headed ogre zombies (D:11)
  2 vampire mosquitoes (D:11)
  Menkaure (D:7)
  2 nagas (Lair:2)
  Edmund (D:4)
  An acid dragon (D:8)
  3 hell hounds (Lair:5)
  12 water moccasins
  6 orc warriors
  4 sky beasts
  A laughing skull (D:13)
  A black bear (shapeshifter) (D:13)
  An ice beast (D:6)
  7 ogres
  9 wolves
  14 centaurs
  A phantom (D:5)
  Blork the orc (D:5)
  14 bullfrogs
  2 scorpions
  13 wights
  2 troll zombies (D:11)
  41 killer bees
  4 howler monkeys
  4 electric eels
  2 bombardier beetles (D:6)
  2 jellies
  4 hounds
  A gnoll bouda (D:5)
  11 orc priests
  Jessica (D:2)
  A sleepcap (D:6)
  7 iguanas
  14 orc wizards
  4 ogre zombies (D:11)
  Robin (D:2)
  5 gnolls (D:5)
  10 adders
  2 white imps
  4 ufetubi
  3 ribbon worms (D:2)
  A dart slug (D:3)
  20 orcs
  3 ball pythons
  5 bats
  13 endoplasms
  6 giant cockroaches
  10 goblins
  17 hobgoblins
  4 jackals (D:1)
  12 kobolds
  5 quokkas
  6 frilled lizards
  3 gnoll skeletons (D:11)
  3 gnoll zombies (D:11)
  9 orc skeletons (D:11)
  10 orc zombies (D:11)
  8 rats
  A butterfly (Lair:2)
580 creatures vanquished.

Vanquished Creatures (others)
  A centaur warrior (D:14)
  2 killer bees (D:14)
3 creatures vanquished.

Grand Total: 583 creatures vanquished

Notes
Turn   | Place    | Note
-------+----------+-------------------------------------------
     0 | D:1      | Nvm9 the Demonspawn Fighter began the quest for the Orb.
     0 | D:1      | Reached XP level 1. HP: 18/18 MP: 1/1
   122 | D:1      | Gained mutation: You are partially covered in yellow
                  | scales. (AC +2) [demonic ancestry]
   122 | D:1      | Reached XP level 2. HP: 15/24 MP: 2/2
   170 | D:1      | Found a faded altar of an unknown god.
   492 | D:1      | Reached XP level 3. HP: 29/29 MP: 3/3
   551 | D:1      | Identified a scroll of acquirement
   551 | D:1      | Acquired the ring of Rashraju {rElec rF+ Dex+3 SInv}
   786 | D:2      | Noticed Jessica
   800 | D:2      | Killed Jessica
   880 | D:2      | Reached XP level 4. HP: 35/35 MP: 4/4
   983 | D:2      | Identified the +0 pair of gloves of Distant Worlds {rElec
                  | rC+ rN+ Dex+2}
  1040 | D:2      | Noticed Robin
  1051 | D:2      | Killed Robin
  1719 | D:3      | Gained mutation: You regenerate magic rapidly. [demonic
                  | ancestry]
  1719 | D:3      | Reached XP level 5. HP: 33/42 MP: 5/5
  2246 | D:4      | Noticed Edmund
  2261 | D:4      | Killed Edmund
  2262 | D:4      | Reached skill level 4 in Fighting
  2262 | D:4      | Gained mutation: When hurt, damage is shared between your
                  | health and your magic reserves. [demonic ancestry]
  2262 | D:4      | Reached XP level 6. HP: 16/48 MP: 6/6
  2385 | D:4      | Noticed Grinder
  2513 | D:4      | Found a staircase to the Ecumenical Temple.
  2525 | Temple   | Entered the Ecumenical Temple
  2531 | Temple   | Paralysed by Grinder for 3 turns
  2538 | Temple   | Killed Grinder
  2539 | Temple   | Gained mutation: You may rarely emit foul miasma when
                  | damaged in melee. [demonic ancestry]
  2539 | Temple   | Reached XP level 7. HP: 46/55 MP: 4/7
  2675 | D:4      | Noticed Eustachio
  2693 | D:4      | Killed Eustachio
  2694 | D:4      | Reached skill level 5 in Fighting
  2694 | D:4      | Found the brooch of Shielding {Spirit SH+8}
  2699 | D:4      | Identified the +0 robe of Funkek {rC+ Regen+ Str+5}
  3215 | D:5      | Entered Level 5 of the Dungeon
  3303 | D:5      | Reached skill level 5 in Shields
  3376 | D:5      | Noticed a wyvern
  3489 | D:5      | Reached skill level 5 in Armour
  3489 | D:5      | Reached XP level 8. HP: 56/63 MP: 8/8
  3639 | D:5      | Noticed Blork the orc
  3644 | D:5      | Killed Blork the orc
  3951 | D:5      | Reached skill level 6 in Fighting
  3951 | D:5      | Reached skill level 5 in Axes
  4689 | D:6      | Reached XP level 9. HP: 69/71 MP: 9/9
  4708 | D:6      | Noticed a troll
  4773 | D:6      | Killed a troll
  4845 | D:6      | Reached skill level 7 in Fighting
  5295 | D:7      | Found a corrupted altar of Lugonu.
  5295 | D:7      | Noticed a cyan ugly thing
  5295 | D:7      | Noticed a purple ugly thing
  5469 | D:7      | Found a runed translucent door.
  5497 | D:7      | Noticed YordlordTheGreat's ghost (novice MfSu)
  5516 | D:7      | Noticed Menkaure
  5532 | D:7      | Killed Menkaure
  5715 | D:7      | Found a transporter.
  5718 | D:7      | Found a transporter.
  5858 | D:7      | Killed YordlordTheGreat's ghost
  5913 | D:7      | Noticed a red ugly thing
  5982 | D:8      | Paralysed by a hornet for 1 turns
  5987 | D:8      | Reached XP level 10. HP: 76/80 MP: 10/10
  6045 | D:8      | Noticed a red ugly thing
  6069 | D:8      | Killed a red ugly thing
  6070 | D:8      | Reached skill level 8 in Fighting
  6862 | D:8      | Noticed a lindwurm
  6862 | D:8      | Noticed a lindwurm
  6932 | D:8      | Noticed a lindwurm
  6932 | D:8      | Noticed a lindwurm
  7210 | D:9      | Found a staircase to the Lair.
  7210 | D:9      | Noticed a death yak
  7240 | D:8      | Killed a death yak
  7456 | D:9      | Noticed a two-headed ogre
  7463 | D:9      | Killed a two-headed ogre
  7464 | D:9      | Reached skill level 9 in Fighting
  7555 | D:9      | Reached XP level 11. HP: 80/89 MP: 11/11
  7822 | D:9      | Noticed a soul eater
  8241 | Lair:1   | Entered Level 1 of the Lair of Beasts
  8555 | Lair:1   | Noticed Gastronok
  8581 | Lair:1   | Killed Gastronok
  8816 | Lair:1   | Reached skill level 10 in Fighting
  9714 | Lair:2   | Found a staircase to the Snake Pit.
  9789 | Lair:2   | Noticed a five-headed hydra
  9810 | Lair:2   | Killed an 11-headed hydra
  9953 | Lair:2   | Gained mutation: You have a pair of small antennae on your
                  | head. [demonic ancestry]
  9953 | Lair:2   | Reached XP level 12. HP: 80/98 MP: 10/12
 10257 | Lair:2   | Noticed a boulder beetle
 10284 | Lair:2   | Killed a boulder beetle
 10285 | Lair:2   | Reached skill level 10 in Armour
 10285 | Lair:2   | Reached skill level 10 in Shields
 10475 | Lair:2   | Found a snail-covered altar of Cheibriados.
 10498 | Lair:2   | Reached skill level 11 in Fighting
 10637 | Lair:2   | Reached skill level 10 in Axes
 10917 | Lair:2   | Found a staircase to the Swamp.
 12323 | Lair:4   | Gained mutation: You have a pair of antennae on your head.
                  | [demonic ancestry]
 12323 | Lair:4   | Reached XP level 13. HP: 106/106 MP: 13/13
 12395 | Lair:4   | Found a staircase to the Slime Pits.
 12396 | Lair:4   | Found a viscous altar of Jiyva.
 12410 | Slime:1  | Entered Level 1 of the Pits of Slime
 12459 | Slime:1  | Noticed a quicksilver ooze
 12486 | Lair:4   | Killed a quicksilver ooze
 12707 | Lair:4   | Reached skill level 12 in Fighting
 13384 | Lair:5   | Entered Level 5 of the Lair of Beasts
 14116 | Lair:5   | Noticed a dire elephant
 14156 | Lair:5   | Killed a dire elephant
 14417 | Lair:5   | Gained mutation: You are weak. (Str -2) [a shining eye]
 14518 | Lair:5   | Found a burning altar of Makhleb.
 14978 | D:10     | Entered Level 10 of the Dungeon
 15982 | D:11     | Found a staircase to the Orcish Mines.
 16193 | D:11     | Gained mutation: You are mostly covered in yellow scales.
                  | (AC +3) [demonic ancestry]
 16193 | D:11     | Reached XP level 14. HP: 116/116 MP: 14/14
 16437 | D:11     | Lost mutation: You are weak. (Str -2) [potion of mutation]
 16437 | D:11     | Gained mutation: Your natural rate of healing is unusually
                  | fast. [potion of mutation]
 16437 | D:11     | Gained mutation: A frigid envelope surrounds you and
                  | freezes all who hurt you. [potion of mutation]
 16437 | D:11     | Gained mutation: You are partially covered in large bone
                  | plates. (SH +4) [potion of mutation]
 16437 | D:11     | Gained mutation: You are robust. (+10% HP) [potion of
                  | mutation]
 17217 | D:12     | Reached skill level 13 in Fighting
 17284 | D:12     | Found a runed translucent door.
 17310 | D:12     | Noticed Kirke
 17410 | D:12     | Killed Kirke
 18113 | D:13     | You fall into a shaft and drop 2 floors!
 18113 | D:15     | Entered Level 15 of the Dungeon
 18274 | D:14     | Found Timem's Magic Scroll Shoppe.
 18496 | D:13     | Noticed Nessos
 18527 | D:13     | Killed Nessos
 18798 | D:13     | Noticed Rupert
 18843 | D:12     | Killed Rupert
 18930 | D:13     | Noticed Sonja
 18944 | D:13     | Killed Sonja
 19379 | D:13     | Found a gate to the Vaults.
 19398 | D:13     | Noticed an ironbound thunderhulk
 19414 | D:13     | Killed an ironbound thunderhulk
 19462 | D:13     | Found Taubb's One-of-a-Kind Rings.
 19470 | D:13     | Bought the ring "Juhi" {Wiz rC- Int+3 Slay+3 SH+5} for 730
                  | gold pieces
 19721 | D:14     | Found a runed translucent door.
 19722 | D:14     | Noticed flinch's ghost (adept DsFi)
 19761 | D:14     | Found a broken altar of Ashenzari.
 20005 | D:14     | Bought a scroll of teleportation for 45 gold pieces
 20005 | D:14     | Bought a scroll of enchant weapon for 112 gold pieces
 20005 | D:14     | Bought a scroll of teleportation for 45 gold pieces
 20129 | D:14     | Noticed Frances
 20149 | D:14     | Killed Frances
 20196 | D:14     | Reached XP level 15. HP: 137/137 MP: 15/15
 20229 | D:14     | Reached skill level 14 in Fighting
 21166 | D:14     | Noticed Snorg
 21176 | D:14     | Killed Snorg
 21720 | D:15     | HP: 3/139 [two-headed ogre/+0 giant spiked club (13)]
 21723 | D:15     | HP: 1/139 [meliai/divine providence (13)]
 21725 | D:15     | Killed from afar by a meliai

Illustrated notes

Levels and vault maps discovered:
D:1:      ncdulo_watergridlock, layout_basic, chequers_ecumenical_altar_island,
          minmay_ruptured
D:2:      layout_loops_corners, uniq_jessica, uniq_robin
D:3:      layout_loops_cross
D:4:      layout_loops_ring, minmay_temple_entry_drinking_statues,
          minmay_box_of_dots, uniq_eustachio, uniq_edmund, uniq_grinder
D:5:      layout_loops_ring, dk_noncrumbling_3, nicolae_the_louvre,
          uniq_blork_the_orc
D:6:      minmay_clustersquares, layout_basic
D:7:      gammafunk_corrupted_shrine, layout_basic,
          hellmonk_ghost_happy_afterlife, uniq_menkaure
D:8:      layout_basic, jmf_multi_god_temple2, minmay_door_square,
          minmay_lindwurm_lava
D:9:      layout_irregular_city, dpeg_lair_monsters
D:10:     layout_cave_pools, minivault_14
D:11:     layout_stronghold, zombieorc2_lemuel
D:12:     dreamdust_labyrinth, layout_gridville, uniq_kirke
D:13:     layout_stronghold, hellmonk_vaults_keyhole, nicolae_shop_unique_rings,
          uniq_nessos, uniq_sonja, uniq_rupert
D:14:     regret_index_tunnel_blossom, layout_layer_cave,
          ebering_ghost_reflecting_pool, ashenzari_altar_1, serial_shops,
          shop_statue, nicolae_tso_carved_into_rock, uniq_frances, uniq_snorg
D:15:     gammafunk_enter_depths_forms, layout_rooms, grunt_decor_junction,
          grunt_ministairs_13
Temple:   mainiacjoe_temple_cubbyholes
Lair:1:   layout_small_grid, grunt_forest_small_clearing_treed,
          grunt_megastairs_2, lemuel_fruit_tree, infiniplex_staircase_pool,
          uniq_gastronok
Lair:2:   layout_cave_shapes, minmay_swamp_entry_eels,
          minmay_snake_entry_guardpost_small, kennysheep_snail_temple,
          lemuel_fruit_fields
Lair:3:   layout_cave_pods, st_stairs_12
Lair:4:   layout_regular_city, nicolae_slime_entry_slimehenge,
          minmay_hedge_maze, chequers_serial_rivers_marsh,
          infiniplex_staircase_pool_2
Lair:5:   evil_forest, layout_cellular_growth, gammafunk_ghost_hydra_chop
Slime:1:  layout_caves, basic_altar

Skill      XL: |  1  2  3  4  5  6  7  8  9 10 11 12 13 14 15 |
---------------+----------------------------------------------+-----
Axes           | 2 3 4 5 6 8 9 10 11 12 13 | 13.1
Shields        | 3 4 5 6 7 8 9 10 11 12 13 | 13.3
Armour         | 3 4 5 6 7 8 9 10 11 12 13 | 13.2
Fighting       | 4 5 6 7 9 10 11 12 13 14 | 14.4

Action                     |  1- 3 |  4- 6 |  7- 9 | 10-12 | 13-15 || total
---------------------------+-------+-------+-------+-------+-------++-------
  Melee: War axe           |    87 |   157 |   300 |   624 |  1009 ||  2177
         Unarmed           |       |       |     8 |       |       ||     8
  Throw: Javelin           |       |       |       |     3 |     2 ||     5
         Dart              |       |       |       |       |     5 ||     5
  Evoke: Wand              |       |       |       |       |     9 ||     9
    Use: Scroll            |     7 |     2 |     2 |     8 |     5 ||    24
         Potion            |       |     1 |    10 |     4 |    14 ||    29
 Armour: Scale mail        |    88 |    60 |       |       |       ||   148
         Plate armour      |       |    57 |   217 |   550 |   774 ||  1598
         Skin              |       |       |     4 |       |       ||     4
  Dodge: Dodged            |    58 |    64 |    82 |   170 |   196 ||   570
  Block: Buckler           |    28 |    49 |   230 |   534 |  1080 ||  1921

Table legend: (Time is in decaauts)
 A = Elapsed time spent in this place.
 B = Non-inter-level travel time spent in this place.
 C = Inter-level travel time spent in this place.
 D = Time resting spent in this place.
 E = Time spent auto-exploring this place.
 F = Levels seen in this place.
 G = Mean time per level.
                   A        B        C        D        E       F      G
               +--------+--------+--------+--------+--------+-----+--------+
         Total |  21877 |  21110 |    767 |   3871 |  11342 |  22 |  994.4 |
       Dungeon |  15046 |  14503 |    543 |   2098 |   8227 |  15 | 1003.1 |
        Temple |     72 |     50 |     22 |     11 |      0 |   1 |   72.0 |
          Lair |   6702 |   6501 |    201 |   1762 |   3114 |   5 | 1340.4 |
    Slime Pits |     56 |     56 |      0 |      0 |      0 |   1 |   56.0 |
               +--------+--------+--------+--------+--------+-----+--------+

Top non-repeatable levels by time:
    D:14: 1719 daAuts
  Lair:2: 1525 daAuts
  Lair:5: 1456 daAuts
  Lair:1: 1430 daAuts
    D:13: 1394 daAuts
  Lair:4: 1356 daAuts
    D:12: 1336 daAuts
     D:8: 1214 daAuts
     D:9: 1144 daAuts
    D:11: 1051 daAuts
     D:5: 948 daAuts
     D:2: 935 daAuts
  Lair:3: 934 daAuts
     D:6: 928 daAuts
     D:7: 921 daAuts
